 Dungeon Crawl Stone Soup version 0.32-a0-918-g0f22ef8d61 (webtiles) character file.

Game seed: 12250165588529253352

99 ragingrage the Shooter (level 4, 0/33 HPs)
             Began as a Coglin Hunter on Apr 11, 2024.
             Was an Initiate of Hepliaklqana.
             Slain by a goblin
             ... wielding a +0 club
             ... led by Robin
              (6 damage)
             ... on level 2 of the Dungeon.
             The game lasted 00:01:15 (1502 turns).

ragingrage the Shooter (Coglin Hunter)              Turns: 1502, Time: 00:01:15

Health: 0/33       AC:  3    Str: 11    XL:     4   Next: 72%
Magic:  4/4        EV: 11    Int:  9    God:    Hepliaklqana [......]
Gold:   92         SH:  0    Dex: 19    Spells: 3/3 levels left

rFire   . . .        a - +3 sling {Enrique}
rCold   . . .        d - +0 sling {Kaya}
rNeg    . . .        c - +0 leather armour
rPois   .            (no helmet)
rElec   .            (no cloak)
rCorr   .            (no gloves)
SInv    .            (no boots)
Will    .....        (amulet unavailable)
Stlth   ++           (ring unavailable)
HPRegen 0.25/turn    (ring unavailable)
MPRegen 0.09/turn    (no gizmo)

%: no passive effects
@: revving
A: off-hand wielding, slow wielding, warmup strikes, no jewellery
a: Invent Gizmo, Renounce Religion


You were on level 2 of the Dungeon.
You worshipped Hepliaklqana.
Hepliaklqana was noncommittal.
You visited 1 branch of the dungeon, and saw 3 of its levels.

You collected 92 gold pieces.

Inventory:

Hand Weapons
 a - a +3 sling (weapon) {Enrique}
 d - a +0 sling (offhand) {Kaya}
Missiles
 k - 10 poisoned darts
Armour
 c - a +0 leather armour (worn)
Scrolls
 b - 2 scrolls of butterflies
 g - a scroll of enchant armour {unknown}
 j - a scroll of poison {unknown}
 m - 2 scrolls of blinking {unknown}
Potions
 e - 2 potions of invisibility {unknown}
 f - a potion of mutation {unknown}
 h - a potion of might {unknown}
 i - 2 potions of cancellation {unknown}
 l - a potion of heal wounds {unknown}


   Skills:
 - Level 2.0 Fighting
 + Level 5.4 Ranged Weapons
 - Level 1.7 Dodging
 - Level 0.7 Stealth


You had 3 spell levels left.
You didn't know any spells.
Your spell library was empty.

Dungeon Overview and Level Annotations

Branches:
Dungeon (3/15)

Altars:
Dithmenos
Hepliaklqana
Okawaru
Yredelemnul

Shops:
D:1 !

Annotations:
D:3 Robin


Innate Abilities, Weirdness & Mutations

You can wield a second weapon in your off-hand.
It takes a long time for you to wield or remove held weapons.
Your first few attacks do less damage.
You cannot equip rings or amulets.


Message History

No target in view!
You start resting.
No target in view!
No target in view!
You start waiting.
A gnoll is nearby!
You shoot a sling bullet.
The sling bullet barely misses the gnoll.
You shoot a sling bullet. The gnoll shouts!
The sling bullet hits the gnoll.
The gnoll throws a throwing net.
The throwing net hits you.
You become entangled in the net!
You are held in a net!
You struggle against the net.
You tear a large gash into the net.
You hear the brisk rusting of a drain nearby.
You struggle against the net.
The goblin hits you with a +0 club.
Robin roars a battlecry!
The goblin goes into a battle-frenzy!
Unknown command.
You shred the net and break free!
The gnoll throws a throwing net.
The throwing net closely misses you. The goblin closely misses you.
Robin hits you from afar with a +0 spear.
A goblin comes into view. It is wielding a +0 dagger.
The goblin attacks as it pursues you! The goblin hits you but does no damage.
There is an escape hatch in the ceiling here.
The gnoll barely misses you. Robin throws the goblin at you!
The goblin hits you with a +0 club. A mysterious force pulls you upwards.
The hatch slams shut behind you.
You shoot a sling bullet.
The sling bullet completely misses the gnoll.
You shoot a sling bullet. The sling bullet hits the gnoll!
The gnoll hits you with a +0 flail! The goblin misses you.
The gnoll hits you with a +0 flail!
* * * LOW HITPOINT WARNING * * *
The goblin hits you with a +0 club.
You die...
Hepliaklqana delivers you to your ancestors.

######### ######
#.....g.#
.....######.....@g#####
.....'....รท.......+..>#
.....######.......###)#
.....# #.......# #.#
.....# #.......# #.#
.....# #.......# #.#
.....# #.####### #.#
###### #.# #.# #.# #.#


You could see a gnoll and a goblin (strong).

Vanquished Creatures
  3 adders
  3 gnolls
  A dart slug (D:2)
  4 bats
  2 endoplasms
  A giant cockroach (D:1)
  6 goblins
  4 hobgoblins
  7 kobolds
  5 ball pythons
  A frilled lizard (D:2)
  4 rats
41 creatures vanquished.

Notes
Turn   | Place    | Note
-------+----------+-------------------------------------------
     0 | D:1      | ragingrage the Coglin Hunter began the quest for the Orb.
     0 | D:1      | Reached XP level 1. HP: 16/16 MP: 1/1
    44 | D:1      | Found Negaag's Distillery.
    76 | D:1      | Reached skill level 4 in Ranged Weapons
    76 | D:1      | Reached XP level 2. HP: 22/22 MP: 2/2
   718 | D:2      | Reached XP level 3. HP: 27/27 MP: 3/3
   914 | D:2      | Found a basalt altar of Yredelemnul.
  1151 | D:3      | Reached skill level 5 in Ranged Weapons
  1151 | D:3      | Reached XP level 4. HP: 33/33 MP: 4/4
  1173 | D:3      | Found an iron altar of Okawaru.
  1175 | D:3      | Found a hazy altar of Hepliaklqana.
  1176 | D:3      | Found a shadowy altar of Dithmenos.
  1189 | D:3      | Became a worshipper of Hepliaklqana the Forgotten
  1437 | D:3      | Noticed Robin
  1502 | D:2      | Slain by a goblin

Illustrated notes

Levels and vault maps discovered:
D:1:      lemuel_arrival_broad_hall, layout_basic, serial_shops,
          nicolae_shop_back_alley_shop, minmay_misc_feat_columns,
          chequers_garden, minmay_strange_pillars
D:2:      layout_basic, basic_altar
D:3:      layout_loops_ring, grunt_temple_overflow_open, portal_sewer_entry_b,
          pf_guarded_unrand_delatra, uniq_robin

Skill      XL: |  1  2  3 |
---------------+----------+-----
Ranged Weapons | 4 5 |  5.4
Fighting       | |  2.0
Dodging        | |  1.7
Stealth        | |  0.7

Action                     |  1- 3 |  4- 6 || total
---------------------------+-------+-------++-------
   Fire: Sling             |   128 |    64 ||   192
    Use: Scroll            |       |     2 ||     2
 Armour: Leather armour    |     5 |    20 ||    25
  Dodge: Dodged            |    14 |    15 ||    29

Table legend: (Time is in decaauts)
 A = Elapsed time spent in this place.
 B = Non-inter-level travel time spent in this place.
 C = Inter-level travel time spent in this place.
 D = Time resting spent in this place.
 E = Time spent auto-exploring this place.
 F = Levels seen in this place.
 G = Mean time per level.
                   A        B        C        D        E       F      G
               +--------+--------+--------+--------+--------+-----+--------+
         Total |   1522 |   1396 |    126 |    154 |    987 |   3 |  507.3 |
       Dungeon |   1522 |   1396 |    126 |    154 |    987 |   3 |  507.3 |
               +--------+--------+--------+--------+--------+-----+--------+

Top non-repeatable levels by time:
     D:2: 667 daAuts
     D:1: 651 daAuts
     D:3: 203 daAuts
